 Dungeon Crawl Stone Soup version 0.15.0-12-gccce430 (webtiles) character file.

408 Kex the Ruffian (level 6, -1/61 HPs)
             Began as a Troll Monk on Sept 2, 2014.
             Slain by a shadow imp (5 damage)
             ... summoned by Natasha
             ... on Level 4 of the Dungeon.
             The game lasted 00:16:34 (2580 turns).

Kex the Ruffian (Troll Monk)                        Turns: 2580, Time: 00:16:35

HP  -1/61        AC  9     Str 20      XL: 6   Next: 57%
MP   3/3         EV 11     Int  6      God:
Gold 138         SH  0     Dex 14      Spells:  0 memorised,  5 levels left

rFire  . . .     SeeInvis .       - Unarmed
rCold  . . .     Clarity  .     a - +1 robe
rNeg   . . .     rCorr    .     (shield restricted)
rPois  .         rRot     .     (helmet restricted)
rElec  .         Spirit   .     w - +2 cloak {MR+}
SustAb .         Warding  .     (gloves unavailable)
rMut   .         Stasis   .     (boots unavailable)
Gourm  +                        (no amulet)
MR     ++...                    (no ring)
                                e - ring of protection from magic

@: lethally poisoned, very resistant to hostile enchantments, unstealthy
A: unfitting armour, claws 3, fast metabolism 3, gourmand, regeneration 2,
saprovore 2, shaggy fur 1, tough skin 2
a: no special abilities


You were on level 4 of the Dungeon.
You were very full.

You visited 1 branch of the dungeon, and saw 4 of its levels.

You collected 138 gold pieces.

Inventory:

Hand weapons
 v - a +1 dagger of speed
 x - a cursed -2 flail
Armour
 a - a +1 robe (worn)
 w - a +2 cloak of magic resistance (worn)
Comestibles
 b - 2 meat rations
 c - 2 chunks of hound flesh
 f - a chunk of giant newt flesh
 g - 2 beef jerkies
 i - 3 slices of pizza
 k - 5 fruits
 l - 3 bread rations
 m - 4 chunks of orc flesh
 o - 3 chunks of orc flesh
 r - a rotting chunk of bat flesh
Scrolls
 d - 2 scrolls of remove curse
 j - a scroll of recharging
 n - 3 scrolls of identify
 q - a scroll of amnesia
Jewellery
 e - a ring of protection from magic (left claw)
 p - a +2 ring of evasion {unknown}


   Skills:
 + Level 3.3 Fighting
 + Level 4.0 Dodging
 + Level 1.6 Stealth
 + Level 5.9 Unarmed Combat


You had 5 spell levels left.
You didn't know any spells.

Dungeon Overview and Level Annotations

Branches:
Dungeon (4/15)
 Temple: D:4-7

Altars:
Ashenzari
Fedhas
Okawaru
Zin

Annotations:
D:4 Natasha


Innate Abilities, Weirdness & Mutations

You are too large for most types of armour.
You have claws for hands.
Your metabolism is lightning-fast.
You like to eat raw meat.
You heal very quickly.
You can eat rotten meat.
You are covered in fur (AC +1).
You have very tough skin (AC +2).


Message History

You are too injured to fight recklessly!
You are too injured to fight recklessly!
You are too injured to fight recklessly!
You claw the adder!
You kill the adder!
You feel sick.
Natasha extends her claws.
Natasha barely misses you.
You barely miss Natasha.
You feel sick.
Natasha gestures.
You have a terrible headache.
You are too injured to fight recklessly!
You barely miss Natasha. The shadow imp misses you.
Natasha stares at you and mumbles some strange words.
The magic dart hits you!
* * * LOW HITPOINT WARNING * * *
You aren't carrying any potions.
You barely miss Natasha. The shadow imp hits you.
You die...

##########
....?...h5### #..
#......@5%.###
##..
#########....#
#... #....## #...
#.....## ##...
#......### #....
#..##.....###....
#..####..........
...## ###........
.... #...###..


You could see Natasha, a crimson imp and a shadow imp.

Vanquished Creatures
  An ogre (D:3)
  Crazy Yiuf (D:2)
  An orc priest (D:3)
  A hound (D:4)
  An orc wizard (D:4)
  A worker ant (D:4)
  Ijyb (D:2)
  Terence (D:2)
  A giant mite (D:1)
  6 adders
  2 worms
  2 giant geckos
  2 oozes
  11 orcs
  7 giant cockroaches
  9 goblins
  8 hobgoblins
  7 jackals
  A ball python (D:1)
  10 bats
  6 giant newts
  9 kobolds
  6 rats
95 creatures vanquished.

Notes
Turn   | Place    | Note
--------------------------------------------------------------
     0 | D:1      | Kex, the Troll Monk, began the quest for the Orb.
     0 | D:1      | Reached XP level 1. HP: 22/22 MP: 1/1
    16 | D:1      | Noticed a centaur
   168 | D:1      | Reached XP level 2. HP: 27/29 MP: 1/1
   499 | D:1      | Reached XP level 3. HP: 24/36 MP: 2/2
  1001 | D:2      | Noticed Terence
  1010 | D:2      | Killed Terence
  1184 | D:2      | Reached XP level 4. HP: 31/44 MP: 2/2
  1314 | D:2      | Noticed Ijyb
  1327 | D:2      | Killed Ijyb
  1327 | D:2      | Reached skill level 5 in Unarmed Combat
  1358 | D:2      | Noticed Crazy Yiuf
  1366 | D:2      | Killed Crazy Yiuf
  1507 | D:3      | Reached XP level 5. HP: 48/52 MP: 2/2
  1703 | D:3      | Found an iron altar of Okawaru.
  1714 | D:3      | Noticed an ogre
  1738 | D:3      | Killed an ogre
  1822 | D:3      | Found a shattered altar of Ashenzari.
  1906 | D:3      | Reached XP level 6. HP: 61/61 MP: 3/3
  2523 | D:4      | Found a glowing silver altar of Zin.
  2530 | D:4      | Found a shattered altar of Ashenzari.
  2532 | D:4      | Found a blossoming altar of Fedhas.
  2553 | D:4      | HP: 2/61 [something/magic dart (7)]
  2563 | D:4      | Noticed Natasha
  2580 | D:4      | Slain by a shadow imp

Action                   |  1- 3 |  4- 6 || total
-------------------------+-------+-------++-------
Melee: Unarmed           |    99 |   140 ||   239
  Use: Scroll            |     8 |     3 ||    11
       Potion            |     1 |     5 ||     6
 Stab: Sleeping          |     2 |     3 ||     5
  Eat: Chunk             |    15 |    12 ||    27
